 Dungeon Crawl Stone Soup version 0.30.1-3-gfc49f6343a (webtiles) character file.

Game seed: 6335274150278290979

528 Cheops the Ruffian (level 7, -2/100 HPs)
             Began as a Troll Fighter on July 24, 2023.
             Killed by divine providence
             ... invoked by an orc priest
              (13 damage)
             ... on level 4 of the Dungeon.
             The game lasted 00:07:00 (2749 turns).

Cheops the Ruffian (Troll Fighter)                  Turns: 2749, Time: 00:07:01

Health: -2/100     AC:  4    Str: 25    XL:     7   Next: 3%
Magic:  6/6        EV:  8    Int:  6    God:
Gold:   184        SH:  7    Dex:  9    Spells: 6/6 levels left

rFire   . .          .
                       - Unarmed
rCold   . . .        b - +0 kite shield
rNeg    . . .        a - +0 robe
rPois   +            (helmet restricted)
rElec   .            (no cloak)
rCorr   +            (gloves unavailable)
SInv    .            (boots unavailable)
Will    .....        (no amulet) Stlth
                     n - ring of poison resistance
HPRegen 1.16/turn    s - ring of resist corrosion
MPRegen 0.10/turn

%: no passive effects
@: berserking, very quick
A: large, unfitting armour, claws 3, regeneration 1, shaggy fur 1, tough skin 1
a: no special abilities


You were on level 4 of the Dungeon.
You visited 1 branch of the dungeon, and saw 4 of its levels.

You collected 210 gold pieces.
You spent 26 gold pieces at shops.

Inventory:

Armour
 a - a +0 robe (worn)
 b - a +0 kite shield (worn)
Jewellery
 i - an amulet of faith
 m - an amulet of guardian spirit
 n - a ring of poison resistance (left claw)
 s - a ring of resist corrosion (right claw)
Scrolls
 f - 5 scrolls of teleportation {unknown}
 g - a scroll of blinking
 l - a scroll of amnesia {unknown}
 p - a scroll of vulnerability
 q - 2 scrolls of fear
 r - a scroll of summoning
 t - a scroll of enchant armour {unknown}
Potions
 c - a potion of might
 e - a potion of curing {unknown}
 h - 3 potions of brilliance {unknown}
 j - a potion of degeneration {unknown}
 k - a potion of ambrosia {unknown}
 o - a potion of flight {unknown}


   Skills:
 - Level 3.0 Fighting
 - Level 2.4 Dodging
 - Level 3.0 Shields
 * Level 7.2 Unarmed Combat


You had 6 spell levels left.
You didn't know any spells.
Your spell library contained the following spells:

 Spells                   Type           Power      Damage    Failure   Level
 Ensorcelled Hibernation  Hex/Ice        0%         N/A       85%         2
 Passwall                 Tmut/Erth      0%         N/A       85%         2
 Gell's Gravitas          Tloc           0%         N/A       97%         3
 Swiftness                Air            0%         N/A       97%         3
 Teleport Other           Tloc           0%         N/A       97%         3
 Dispersal                Tloc           0%         N/A       100%        6


Dungeon Overview and Level Annotations

Branches:
Dungeon (4/15)
 Temple: D:4-7

Altars:
Fedhas
Nemelex Xobeh
Uskayaw

Shops:
D:4 ([*

Annotations:
D:3 3 runed translucent doors, Zeor's ghost, amateur GrMo


Innate Abilities, Weirdness & Mutations

You are too large for most types of armour.
You have claws for hands.
Your natural rate of healing is unusually fast.
You are covered in fur. (AC +1)
You have tough skin. (AC +1)


Message History

* * * LOW HITPOINT WARNING * * *
You miss the ufetubus.
The ufetubus is heavily wounded.
You block the ufetubus's attack. The ufetubus barely misses you.
You scratch the ufetubus.
You kill the ufetubus!
The centaur wields a +0 shortbow.
The centaur shoots an arrow.
The arrow hits you!
* * * LOW HITPOINT WARNING * * *
Okay, then.
The centaur unwields a +0 shortbow.
The centaur barely misses you.
The centaur kicks you but does no damage.
The orc priest miscasts a cantrip.
Things that are here:
a +0 mace; a +0 leather armour You scratch the centaur but do no damage.
You block the centaur's attack. The centaur kicks you.
* * * LOW HITPOINT WARNING * * *
The centaur hits you but does no damage.
You block the centaur's attack.
You claw the centaur!
The centaur is heavily wounded.
The orc priest mumbles some strange prayers to Beogh against you.
Beogh smites you!
* * * LOW HITPOINT WARNING * * *
The centaur hits you.
* * * LOW HITPOINT WARNING * * *
The centaur kicks you.
* * * LOW HITPOINT WARNING * * *
You mangle the centaur!!
You kill the centaur!
Your Unarmed Combat skill increases to level 7!
You have reached level 7!
It was a potion of berserk rage.
A red film seems to cover your vision as you go berserk!
You feel yourself moving faster!
You feel mighty! You block the orc priest's attack.
The orc priest invokes the aid of Beogh against you.
Beogh smites you!
You die...

.. '# ###.# ###...##
..⌠.⌠.# #.≈≈# #.
#..∩..## . ..≈. #.
#.⌠.⌠..+ . .≈ .≈.
#.###.$.# #.. ≈~. ..
#...#@### ....
~...#. #..#o# .....
...... #..Yo##......
.....≈ ##.o.........
#....
#####...........
#....
####........#.$)..≈
≈.....
##...........#.....≈
......
#..................≈
≈.....
#..#####............
......


You could see an ice beast, 2 orc priests and an orc.

Vanquished Creatures
  Grinder (D:3)
  2 centaurs (D:4)
  A jelly (D:4)
  Jessica (D:3)
  4 adders
  An ufetubus (D:4)
  3 worms
  A dart slug (D:2)
  2 orcs
  3 bats (D:1)
  2 endoplasms
  6 giant cockroaches
  4 goblins
  3 hobgoblins
  7 jackals
  5 kobolds
  A quokka (D:2)
  7 ball pythons
  7 rats
61 creatures vanquished.

Notes
Turn   | Place    | Note
-------+----------+-------------------------------------------
     0 | D:1      | Cheops the Troll Fighter began the quest for the Orb.
     0 | D:1      | Reached XP level 1. HP: 22/22 MP: 0/0
    93 | D:1      | Reached XP level 2. HP: 24/29 MP: 1/1
   877 | D:2      | Reached XP level 3. HP: 35/36 MP: 2/2
   937 | D:2      | Reached skill level 3 in Unarmed Combat
  1531 | D:3      | Reached XP level 4. HP: 44/44 MP: 3/3
  1617 | D:3      | Noticed Zeor's ghost (amateur GrMo)
  1641 | D:3      | Found a runed translucent gate.
  1641 | D:3      | Found a runed translucent gate.
  1642 | D:3      | Found a runed translucent gate.
  1655 | D:3      | Noticed a black bear
  1794 | D:3      | Noticed Grinder
  1796 | D:3      | Paralysed by Grinder for 4 turns
  1806 | D:3      | Killed Grinder
  1807 | D:3      | Reached skill level 6 in Unarmed Combat
  1807 | D:3      | Reached XP level 5. HP: 35/53 MP: 4/4
  1807 | D:3      | Reached XP level 6. HP: 40/61 MP: 5/5
  1941 | D:3      | Noticed Jessica
  1945 | D:3      | Killed Jessica
  2452 | D:4      | Found Isyetu's General Store.
  2511 | D:4      | Found a blossoming altar of Fedhas.
  2544 | D:4      | Bought a scroll of identify for 26 gold pieces
  2604 | D:4      | Found a sparkling altar of Nemelex Xobeh.
  2652 | D:4      | Found Oggedgh's Antique Armour Emporium.
  2667 | D:4      | Noticed a +0 falchion
  2668 | D:4      | Noticed a +0 dagger
  2670 | D:4      | Noticed a +0 short sword
  2670 | D:4      | Noticed a +0 dagger
  2672 | D:4      | Noticed a +0 spear
  2674 | D:4      | Noticed a +0 spear
  2686 | D:4      | Found a hide-covered altar of Uskayaw.
  2688 | D:4      | Noticed a +0 falchion
  2691 | D:4      | Noticed a +0 short sword
  2717 | D:4      | Found Isoirul's Weapon Shop.
  2718 | D:4      | Noticed an ice beast
  2720 | D:4      | Identified the +1 robe of Ifrikaw {rF++ Will- SInv
                  | Archmagi}
  2749 | D:4      | Reached skill level 7 in Unarmed Combat
  2749 | D:4      | Reached XP level 7. HP: 6/67 MP: 6/6
  2749 | D:4      | Killed from afar by an orc priest

Illustrated notes

Levels and vault maps discovered:
D:1:      dpeg_arrival_connections, layout_loops_ring, minmay_misc_feat_tiny,
          corner_web_ring, minivault_23
D:2:      cheibrodos_old_hovel, layout_basic, st_stairs_11
D:3:      layout_loops_corners, gammafunk_ghost_split, uniq_jessica,
          uniq_grinder
D:4:      layout_cave_pools, mainiacjoe_overflow_boulevard,
          nicolae_uskayaw_en_pointe, nemelex_spade_bored_becter, serial_rivers,
          chequers_serial_rivers_micro_b, chequers_serial_rivers_small_b,
          chequers_serial_rivers_micro_d, chequers_serial_rivers_micro_c,
          chequers_serial_rivers_large_a, chequers_serial_rivers_micro_d,
          serial_shops, shop, shop, nicolae_shop_rolling_square,
          nicolae_shop_bloodbath_and_beyond, nicolae_diamond_shop,
          minmay_manual_mares

Skill      XL: |  1  2  3  4  5  6 |
---------------+-------------------+-----
Shields        | 3 |  3.0
Unarmed Combat | 3 6 7 |  7.2
Fighting       | 3 |  3.0
Dodging        | |  2.4

Action                     |  1- 3 |  4- 6 |  7- 9 || total
---------------------------+-------+-------+-------++-------
  Melee: Unarmed           |   113 |    81 |       ||   194
    Use: Potion            |       |     1 |     1 ||     2
         Scroll            |       |     4 |       ||     4
   Stab: Sleeping          |     1 |       |       ||     1
 Armour: Robe              |    54 |    32 |       ||    86
  Dodge: Dodged            |    56 |    28 |       ||    84
  Block: Kite shield       |    44 |    41 |     1 ||    86
